 Dungeon Crawl Stone Soup version 0.16.1-29-g3e760ad (webtiles) character file.

710 qqmkm the Covered (level 7, -4/57 HPs)
             Began as a Demonspawn Abyssal Knight on June 11, 2015.
             Was a Priest of Lugonu.
             Slain by an ogre
             ... wielding a +0 giant spiked club
              (19 damage)
             ... on level 6 of the Dungeon.
             The game lasted 00:27:44 (4245 turns).

qqmkm the Covered (Demonspawn Abyssal Knight)       Turns: 4245, Time: 00:27:45

Health: -4/57      AC:  8    Str: 14    XL:     7   Next: 40%
Magic:  9/9        EV: 10    Int: 14    God:    Lugonu [***...]
Gold:   272        SH:  0    Dex: 12    Spells: 0 memorised, 6 levels left

rFire  . . .     SeeInvis .     z - +0 hand axe (flame)
rCold  . . .     Clarity  .     k - +0 ring mail
rNeg   . . .     SustAb   .     (no shield)
rPois  .         Gourm    .     (no helmet)
rElec  .         Spirit   .     (no cloak)
rCorr  .         Warding  .     (no gloves)
rMut   .         Stasis   .     (no boots)
MR     .....                    u - amulet of regeneration
Stlth  ..........               (no ring)
                                (no ring)

@: not resistant to hostile enchantments, extremely unstealthy
A: hooves 1, thin metallic scales 1, demonic guardian 1, powered by death 1
a: Depart the Abyss, Bend Space, Banish, Renounce Religion


You were on level 6 of the Dungeon.
You worshipped Lugonu.
Lugonu was most pleased with you.
You were very hungry.

You visited 1 branch of the dungeon, and saw 6 of its levels.
You visited the Abyss 1 time.

You collected 272 gold pieces.

Inventory:

Hand weapons
 a - a +1 hand axe
 p - a +0 short sword of speed
 q - a +2 vampiric dagger
 z - a +0 hand axe of flaming (weapon)
 I - a +2 flail of protection
Missiles
 E - 7 javelins of penetration (quivered)
Armour
 b - a +0 leather armour
 h - a +0 robe
 k - a +0 ring mail (worn)
Jewellery
 d - an uncursed amulet of guardian spirit
 u - an amulet of regeneration (around neck)
 v - an uncursed ring of see invisible {unknown}
 A - an uncursed ring of protection from magic {unknown}
Scrolls
 i - a scroll of fear
 l - 3 scrolls of identify
 m - 3 scrolls of teleportation
 r - a scroll of magic mapping
 x - 2 scrolls of amnesia {unknown}
 y - 4 scrolls of remove curse
 B - 5 scrolls of fog {unknown}
 C - a scroll of immolation
Potions
 e - 4 potions of might
 j - a potion of mutation {unknown}
 n - a potion of flight {unknown}
 o - a potion of poison {unknown}
 s - a potion of degeneration {unknown}
 t - 2 potions of haste
 w - a potion of cancellation {unknown}
 D - a potion of lignification {unknown}
 G - 2 potions of curing {unknown}
 H - a potion of restore abilities {unknown}
Books
 K - a book of Ice

   Spells                             Type                      Level
   a - Ice Form                       Ice/Transmutation            4
   b - Metabolic Englaciation         Hexes/Ice                    5
   c - Ozocubu's Refrigeration        Ice                          6
   d - Bolt of Cold                   Conjuration/Ice              6
   e - Freezing Cloud                 Conjuration/Ice/Air          6
   f - Simulacrum                     Ice/Necromancy               6
Comestibles
 c - 2 bread rations
 f - 3 slices of pizza
 g - a meat ration
 F - a beef jerky
 J - a chunk of flesh


   Skills:
 + Level 5.8 Fighting
 - Level 2.1 Axes
 * Level 6.0 Armour
 - Level 1.0 Dodging
 - Level 2.4 Invocations


You had 6 spell levels left.
You didn't know any spells.

Dungeon Overview and Level Annotations

Branches:
Dungeon (6/15)             Temple (0/1) D:5

Altars:
Ashenzari
Ru
Vehumet


Innate Abilities, Weirdness & Mutations

You have large cloven feet.
You are partially covered in thin metallic scales (AC +2).
A weak demonic guardian rushes to your aid.
You can steal the life force of nearby defeated enemies.


Message History

You climb upwards.
The ogre barely misses you.
The sky beast hits you but does no damage.
There is a stone staircase leading down here.
The sky beast flickers out of sight!
Deactivating autopickup; reactivate with Ctrl-A.
Something hits you. Something shocks you.
The ogre hits you with a giant spiked club!!
Your white imp barely misses the ogre.
You climb downwards.
There is a stone staircase leading up here.
You barely miss the ogre. You kick the ogre, but do no damage.
You barely miss something. Something hits you but does no damage.
The ogre barely misses you.
You hit the ogre. You burn the ogre. You kick the ogre, but do no damage.
The ogre is lightly wounded.
You completely miss something. Something hits you. Something shocks you.
Something hits you. Something shocks you.
* * * LOW HITPOINT WARNING * * *
The ogre hits you with a giant spiked club!!
You die...

### #..
#.# #.#
#.# #.#
#.# #O#
#@#
.####.##{#
.........#
###.....##
#.....
#.....
.......
###.#.
#.#.


You could see an ogre.

Vanquished Creatures
  The ghost of Yawgmoth the Digger, an experienced GrEE (D:4)
  The ghost of DrClinical the Conjurer, an average TeCj (D:3)
  2 hounds (D:4)
  4 orc wizards
  2 worker ants
  7 gnolls
  2 adders
  A shadow imp (D:5)
  A giant mite (D:2)
  A worm (D:2)
  3 giant geckos
  An ooze (D:1)
  18 orcs
  7 bats
  8 goblins
  10 hobgoblins
  8 jackals
  2 quokkas
  2 ball pythons (D:2)
  5 giant cockroaches
  2 giant newts
  A jackal skeleton (D:4)
  11 kobolds
  A quokka skeleton (D:4)
  5 rats
106 creatures vanquished.

Vanquished Creatures (collateral kills)
  Edmund (D:5)
  A scorpion (D:5)
  An orc wizard (D:3)
  2 gnolls (D:5)
  A giant mite (D:5)
  An orc (D:3)
  A ball python (D:5)
8 creatures vanquished.

Vanquished Creatures (others)
  6 crimson imps
  3 quasits
  10 iron imps
  4 white imps
  6 ufetubi
29 creatures vanquished.

Grand Total: 143 creatures vanquished

Notes
Turn   | Place    | Note
--------------------------------------------------------------
     0 | Abyss:1  | qqmkm, the Demonspawn Abyssal Knight, began the quest for the Orb.
     0 | Abyss:1  | Reached XP level 1. HP: 18/18 MP: 1/1
    34 | Abyss:1  | Found a corrupted altar of Lugonu.
    94 | Abyss:1  | Noticed a small abomination
    94 | D:1      | Escaped the Abyss
   264 | D:1      | Acquired Lugonu's first power
   264 | D:1      | Gained mutation: You can steal the life force of nearby defeated enemies. [demonic ancestry]
   264 | D:1      | Reached XP level 2. HP: 17/24 MP: 2/2
   323 | D:1      | Reached skill level 1 in Dodging
  1150 | D:2      | Gained mutation: You are partially covered in thin metallic scales (AC +2). [demonic ancestry]
  1150 | D:2      | Reached XP level 3. HP: 21/30 MP: 4/4
  1164 | D:2      | Reached skill level 4 in Fighting
  1411 | D:2      | Gained mutation: A weak demonic guardian rushes to your aid. [demonic ancestry]
  1411 | D:2      | Reached XP level 4. HP: 37/37 MP: 2/5
  1514 | D:2      | Acquired Lugonu's second power
  1807 | D:3      | Noticed DrClinical's ghost (average TeCj)
  1886 | D:3      | Killed DrClinical's ghost
  1886 | D:3      | Gained mutation: You have large cloven feet. [demonic ancestry]
  1886 | D:3      | Reached XP level 5. HP: 43/43 MP: 3/6
  2475 | D:4      | Reached skill level 5 in Fighting
  2477 | D:4      | Acquired Lugonu's third power
  2573 | D:4      | Reached XP level 6. HP: 25/51 MP: 6/8
  2921 | D:4      | Found a sacrificial altar of Ru.
  2921 | D:4      | Found a shattered altar of Ashenzari.
  3256 | D:4      | Noticed Yawgmoth's ghost (experienced GrEE)
  3302 | D:4      | Killed Yawgmoth's ghost
  3302 | D:4      | Reached skill level 5 in Armour
  3412 | D:4      | Reached XP level 7. HP: 53/56 MP: 9/9
  3828 | D:5      | Entered Level 5 of the Dungeon
  3828 | D:5      | Found a staircase to the Ecumenical Temple.
  3956 | D:5      | Noticed Edmund
  3995 | D:5      | Killed Edmund
  4014 | D:5      | Found a radiant altar of Vehumet.
  4051 | D:5      | Reached skill level 6 in Armour
  4245 | D:6      | Slain by an ogre

Action                   |  1- 3 |  4- 6 |  7- 9 || total
-------------------------+-------+-------+-------++-------
Melee: Hand axe          |   131 |   228 |    83 ||   442
Throw: Javelin           |       |       |     3 ||     3
Invok: Depart the Abyss  |     1 |       |       ||     1
       Bend Space        |       |     1 |     2 ||     3
  Use: Scroll            |     5 |       |     3 ||     8
 Stab: Distracted        |       |       |     2 ||     2
  Eat: Chunk             |     2 |     6 |     3 ||    11
